Map: 2000 Atmospheres LE

Players

RumbleRandy - Winner!

  • Race: Terran Terran
  • League: Diamond

A.I. 1 (Very Easy)

  • Race: Terran Terran

VOD

Have the link to the VOD?

Description

Time

  • Played on: Aug. 25, 2021, 2:39 p.m.
  • Length: 8:29
Show
View Real Time Build Order
Export as new Build Order

RumbleRandy Terran - Winner!

Build Orders:  

Get SALT Encoding   

  12  0:00  SCV  
  13  0:12  SCV  
  14  0:16  Supply Depot  
  14  0:24  SCV  
  15  0:38  SCV  
  15  0:40  Barracks  
  16  0:43  Refinery  
  16  0:50  SCV  
  16  0:53  Refinery  
  17  1:02  SCV  
  18  1:14  SCV  
  19  1:27  Reaper, Orbital Command  
  19  1:28  Supply Depot  
  20  1:44  Factory  
  20  1:53  SCV  
  21  2:00  Reaper  
  22  2:05  SCV  
  23  2:17  SCV  
  24  2:23  Command Center  
  24  2:29  Hellion  
  26  2:32  SCV  
  27  2:38  Barracks Reactor  
  27  2:44  SCV, Supply Depot  
  27  2:51  Factory Tech Lab  
  28  2:56  SCV  
  29  3:00  Starport  
  29  3:08  SCV  
  30  3:15  Cyclone  
  30  3:16  Marine  
  30  3:18  Marine  
  35  3:22  SCV  
  36  3:34  Marine  
  36  3:35  SCV  
  36  3:36  Marine  
  36  3:37  Orbital Command  
  39  3:47  SCV  
  40  3:54  Marine x2  
  40  3:55  Raven  
  42  3:58  Factory Tech Lab  
  42  3:59  SCV  
  42  4:02  Refinery  
  45  4:03  SCV  
  45  4:07  Supply Depot  
  46  4:11  SCV  
  46  4:12  Marine x2  
  46  4:15  SCV  
  50  4:20  Siege Tank  
  50  4:23  SCV  
  54  4:28  SCV  
  54  4:30  Supply Depot  
  55  4:35  SCV  
  58  4:40  SCV  
  57  4:48  Stimpack, Barracks  
  57  4:49  Marine  
  57  4:50  Starport Reactor, Barracks  
  58  4:55  Supply Depot  
  58  4:57  Supply Depot  
  58  4:58  Siege Tank  
  58  4:59  SCV  
  62  5:00  SCV  
  63  5:08  Marine  
  63  5:11  SCV  
  63  5:12  SCV  
  66  5:17  Refinery  
  66  5:22  Supply Depot  
  66  5:23  SCV  
  66  5:24  Engineering Bay, SCV  
  68  5:31  Siege Tank  
  68  5:32  Marine  
  73  5:35  Starport Reactor, SCV  
  73  5:36  SCV  
  73  5:41  Marine x2  
  76  5:46  Supply Depot  
  76  5:47  SCV  
  76  5:48  SCV  
  78  5:50  Marine, Terran Infantry Weapons Level 1, Supply Depot  
  78  5:51  Marine  
  78  5:55  Marine  
  81  5:59  Marine x2  
  81  6:03  Siege Tank  
  86  6:08  Marine  
  86  6:09  Marine  
  86  6:11  Supply Depot  
  88  6:12  Medivac  
  88  6:13  Medivac, Marine  
  88  6:17  Marine x2  
  95  6:27  Marine x2, Supply Depot  
  95  6:31  Marine  
  98  6:34  Marine  
  98  6:35  Marine, Siege Tank  
  103  6:40  Command Center  
  103  6:41  Supply Depot  
  103  6:43  Medivac  
  103  6:45  Medivac  
  103  6:46  Marine  
  108  6:47  Marine  
  108  6:49  Marine  
  108  6:53  Combat Shield  
  110  6:59  Marine x2  
  112  7:04  Marine  
  112  7:05  Marine  
  112  7:07  Marine, Siege Tank  
  118  7:08  Supply Depot  
  118  7:13  Medivac  
  118  7:14  Medivac  
  122  7:16  Marine  
  122  7:17  Marine  
  124  7:24  Marine  
  124  7:25  Marine x2  
  127  7:32  Supply Depot  
  127  7:33  Supply Depot  
  127  7:35  Barracks x2  
  127  7:38  Marine x2  
  127  7:41  Siege Tank  
  132  7:45  Medivac  
  134  7:55  Marine x2  
  134  7:56  Marine x2  
  134  7:57  Marine  
  134  7:58  Supply Depot  
  139  8:02  Orbital Command  
  139  8:09  Supply Depot  
Show
View Real Time Build Order
Export as new Build Order

A.I. 1 (Very Easy) Terran 

Build Orders:  

Get SALT Encoding   

  12  0:00  SCV  
  13  0:13  SCV  
  14  0:18  Supply Depot  
  14  0:37  Refinery  
  14  0:42  Barracks  
  14  1:02  Supply Depot  
  14  1:11  Refinery  
  14  1:28  SCV  
  14  1:29  Marine  
  16  1:41  SCV  
  17  1:53  SCV  
  18  2:03  Marine  
  18  2:05  SCV  
  20  2:17  SCV  
  21  2:29  SCV  
  22  2:36  Marine  
  23  2:41  Orbital Command  
  23  5:52  Marine, SCV  
  23  5:54  Supply Depot  
  23  5:55  Factory  
  25  6:15  SCV  
  25  6:17  Supply Depot  
  26  6:26  Barracks Tech Lab  
  26  6:27  SCV  
  25  6:40  SCV  
  25  6:41  Starport  
  25  6:42  Command Center  
  25  6:44  Marine  
  26  6:52  SCV  
  27  7:18  Starport Tech Lab  
  27  7:19  Marauder  
  28  7:23  SCV  
  30  7:47  Hellion  
  30  7:50  Supply Depot  
  30  7:51  SCV  
  21  8:03  Supply Depot  
Tags
 
Add a new tag
Caveats
  • Supply blocks, unpowered buildings, or Contaminate may cause inaccurate times.
  • Supply counts are checked every 10 seconds.